 Dungeon Crawl Stone Soup version 0.29.1-1-gd02db6906a (webtiles) character file.

Game seed: 17113771230309608441

71 JohnEldenRing the Trooper (level 4, 0/30 HPs)
             Began as a Gargoyle Berserker on Sept 28, 2022.
             Was a Believer of Trog.
             Slain by a ball python (1 damage)
             ... on level 3 of the Dungeon.
             The game lasted 00:08:09 (1218 turns).

JohnEldenRing the Trooper (Gargoyle Berserker)      Turns: 1218, Time: 00:08:11

Health: 0/30       AC: 11    Str: 22    XL:     4   Next: 24%
Magic:  4/4        EV:  7    Int:  8    God:    Trog [**....]
Gold:   94         SH:  0    Dex:  9    Spells: 3/3 levels left

rFire   . . .      SeeInvis +   a - +0 mace
rCold   . . .      Faith    .   (no shield)
rNeg    + . .      Spirit   .   d - +0 scale mail
rPois   ∞          Reflect  .   (no helmet)
rElec   +          Harm     .   (no cloak)
rCorr   .          Rampage  .   (no gloves)
Will    .....                   g - +0 pair of boots
Stlth   ..........              k - amulet of the acrobat
HPRegen 0.10/turn               n - ring of see invisible
MPRegen 0.09/turn               (no ring)

@: on berserk cooldown, hasted and slowed, constricted
A: sickness immunity, AC +3, negative energy resistance 1, electricity
resistance, torment resistance 1, petrification resistance
a: Renounce Religion, Berserk, Trog's Hand


You were on level 3 of the Dungeon.
You worshipped Trog.
Trog was pleased with you.
You visited 1 branch of the dungeon, and saw 3 of its levels.

You collected 94 gold pieces.

Inventory:

Hand Weapons
 a - a +0 mace (weapon)
 c - a +0 sling
Missiles
 f - 10 poisoned darts (quivered)
Armour
 d - a +0 scale mail (worn)
 g - a +0 pair of boots (worn)
Jewellery
 k - an amulet of the acrobat (around neck)
 n - a ring of see invisible (left hand)
Scrolls
 b - 4 scrolls of fear {unknown}
 e - 2 scrolls of noise {unknown}
 h - 2 scrolls of identify {unknown}
 l - 2 scrolls of teleportation {unknown}
 m - a scroll of enchant weapon {unknown}
Potions
 j - a potion of might {unknown}
 o - a potion of brilliance {unknown}
 q - a potion of ambrosia {unknown}


   Skills:
 + Level 4.3 Fighting
 - Level 3.1 Maces & Flails
 + Level 2.1 Ranged Weapons
 - Level 2.3 Armour
 - Level 1.7 Dodging


You had 3 spell levels left.
You didn't know any spells.
Your spell library was empty.

Dungeon Overview and Level Annotations

Branches:
Dungeon (3/15)

Altars:


Innate Abilities, Weirdness & Mutations

You are immune to sickness and miasma.
Your stone body is resilient. (AC +3)
You are immune to poison.
You resist negative energy. (rN+)
You are resistant to electric shocks. (rElec)
You are resistant to unholy torment.
You are immune to petrification.


Message History

Trog accepts your kill. The goblin hits you but does no damage.
The goblin barely misses you. x2
You sock the goblin!
You kill the goblin!
Trog accepts your kill.
You are no longer berserk.
You are exhausted.
You feel yourself slow down. The goblin barely misses you.
The goblin closely misses you.
You barely miss the goblin.
The goblin no longer looks unusually strong.
The goblin barely misses you. The goblin hits you with a +0 club.
The ball python closely misses you. The ball python grabs you.
The ball python constricts you. The goblin hits you but does no damage.
A gnoll comes into view. It is wielding a +0 spear.
The goblin hits you but does no damage.
You hit the ball python.
The ball python is severely wounded.
The goblin no longer looks unusually strong.
The ball python bites you. The ball python constricts you.
The goblin hits you but does no damage. The goblin hits you with a +0 club.
* * * LOW HITPOINT WARNING * * *
The ball python closely misses you. The ball python constricts you.
The goblin hits you but does no damage.
A gnoll comes into view. It is wielding a +0 spear.
The goblin hits you but does no damage.
It was a potion of berserk rage.
You're still recovering from your berserk rage.
The gnoll shouts!
The ball python bites you but does no damage.
The ball python constricts you. The goblin barely misses you. x2
The ball python barely misses you. The ball python constricts you.
It was a potion of haste.
You feel yourself speed up. The ball python bites you.
* * * LOW HITPOINT WARNING * * *
The ball python constricts you. The goblin closely misses you.
The goblin hits you with a +0 club.
* * * LOW HITPOINT WARNING * * *
The ball python bites you.
You die...

..........#
.#..!#...#
g...#...#
...#... g.... #
#.#.#
.#..#.#g#.####
.......S@)...#
.......g)†......
.#.##.##.#####.#
#. ... # #.##
... #.# #.#


You could see 2 gnolls, 2 goblins and a ball python.

Vanquished Creatures
  Robin (D:3)
  2 adders (D:2)
  A dart slug (D:1)
  2 ball pythons
  3 bats
  2 endoplasms
  A giant cockroach (D:1)
  12 goblins
  4 hobgoblins
  A kobold (D:1)
  2 quokkas (D:2)
  A frilled lizard (D:2)
  3 rats
35 creatures vanquished.

Notes
Turn   | Place    | Note
-------+----------+-------------------------------------------
     0 | D:1      | JohnEldenRing the Gargoyle Berserker began the quest for
                  | the Orb.
     0 | D:1      | Reached XP level 1. HP: 14/14 MP: 1/1
    51 | D:1      | Reached XP level 2. HP: 9/19 MP: 2/2
   524 | D:1      | Reached skill level 1 in Ranged Weapons
   540 | D:1      | Found a faded altar of an unknown god.
   810 | D:2      | Reached XP level 3. HP: 22/24 MP: 3/3
   886 | D:2      | Reached skill level 4 in Fighting
   970 | D:3      | Noticed Robin
  1196 | D:3      | Reached ** piety under Trog
  1203 | D:3      | Killed Robin
  1204 | D:3      | Reached XP level 4. HP: 25/29 MP: 4/4
  1218 | D:3      | HP: 1/30 [goblin/+0 club[Robin] (4)]
  1218 | D:3      | Slain by a ball python

Illustrated notes

Levels and vault maps discovered:
D:1:      minmay_arrival_open_corners, layout_rooms,
          ebering_ecumenical_altar_hall, minmay_misc_feat_secret_circle
D:2:      layout_rooms
D:3:      layout_basic, uniq_jessica, uniq_robin

Skill      XL: |  1  2  3 |
---------------+----------+-----
Ranged Weapons | 1 2 |  2.1
Fighting       | 4 |  4.3
Maces & Flails | |  3.1
Armour         | |  2.3
Dodging        | |  1.7

Action                   |  1- 3 |  4- 6 || total
-------------------------+-------+-------++-------
Melee: Mace              |    96 |    13 ||   109
       Punch             |     1 |       ||     1
 Fire: Sling             |     4 |       ||     4
Throw: Dart              |     5 |       ||     5
Invok: Berserk           |     1 |       ||     1
  Use: Potion            |       |     2 ||     2
Armor: Animal skin       |     2 |       ||     2
       Scale mail        |    61 |    15 ||    76
Dodge: Dodged            |   101 |    24 ||   125
